 Dungeon Crawl Stone Soup version 0.14-a0-445-g388476e (webtiles) character file.

79 LostMyPassword the Grasshopper (level 2, 0/21 HPs)
             Began as a Djinni Warper on Oct 30, 2013.
             Succumbed to an adder's poison
             ... on Level 2 of the Dungeon.
             The game lasted 00:03:10 (923 turns).

LostMyPassword the Grasshopper (Djinni Warper)       Turns: 923, Time: 00:03:10

HP   0/21        AC  3     Str 11      XL: 2   Next: 93%
MP   0/0         EV 11     Int 13      God:
Gold 52          SH  0     Dex 12      Spells:  1 memorised,  4 levels left

Res.Fire  : + + +   See Invis. : .   a - +0 falchion
Res.Cold  : x . .   Warding    : .   b - +0 leather armour
Life Prot.: + + +   Conserve   : .   (no shield)
Res.Poison: .       Res.Corr.  : .   l - -1 dwarf helmet (curse)
Res.Elec. : .       Clarity    : .   (no cloak)
Sust.Abil.: . .     Spirit.Shd : .   (no gloves)
Res.Mut.  : .       Stasis     : .   (boots unavailable)
Res.Rott. : .       Flight     : .   (no amulet)
Saprovore : . . .                    (no ring)
                                     (no ring)

@: mildly poisoned, not resistant to hostile enchantments, very unstealthy
A: fire immunity, cold vulnerability, life protection 3
a: no special abilities


You were on level 2 of the Dungeon.
You were not hungry.

You visited 1 branch of the dungeon, and saw 2 of its levels.

You collected 2 gold pieces.

Inventory:

Hand weapons
 a - a +0,+0 falchion (weapon)
Missiles
 e - 15 darts (quivered)
 f - 10 darts of dispersal
Armour
 b - a +0 leather armour (worn)
 l - a cursed -1 dwarven helmet (worn)
Scrolls
 d - a scroll of blinking
 g - a scroll of enchant armour {unknown}
 i - a scroll of remove curse {unknown}
 k - a scroll of random uselessness {unknown}
 m - a scroll of recharging {unknown}
 n - a scroll of curse weapon {unknown}
 q - a scroll of enchant weapon II {unknown}
Jewellery
 o - an uncursed ring of ice
Potions
 h - 3 potions of curing {unknown}
 j - 2 potions of heal wounds {unknown}
 p - a potion of speed {unknown}
Books
 c - a book of Spatial Translocations

   Spells                             Type                      Level
   *Apportation                       Translocation                1
   Portal Projectile                  Translocation                2
   Blink                              Translocation                2
   Shroud of Golubria                 Charms/Translocation         2
   Teleport Other                     Translocation                3
   Passage of Golubria                Translocation                4


   Skills:
 - Level 1.7 Fighting
 * Level 3.0 Long Blades
 - Level 0.8 Throwing
 - Level 1.1 Armour
 - Level 1.7 Dodging
 - Level 2.4 Spellcasting
 + Level 3.4 Translocations


You had 4 spell levels left.
You knew the following spells:

 Your Spells              Type           Power        Failure   Level  Hunger
a - Apportation           Tloc           ##........   8%          1    #......


Dungeon Overview and Level Annotations

Branches:
Dungeon (2/27)

Altars:

Annotations:
D:2 Sigmund


Innate Abilities, Weirdness & Mutations

You are immune to all types of fire, even holy and hellish.
You are vulnerable to cold.
You need no food.
You have no legs.
You are immune to negative energy.


Message History

The adder is moderately wounded.
The adder bites you but does no damage.
You hit the adder.
The adder is heavily wounded.
The adder barely misses you. The adder bites you.
* * * LOW HITPOINT WARNING * * *
You miss the adder.
The adder is heavily wounded.
The adder bites you.
* * * LOW HITPOINT WARNING * * *
The adder bites you.
* * * LOW HITPOINT WARNING * * *
You are more poisoned.
The adder poisons you!
You see here a dart.
* * * LOW HITPOINT WARNING * * *
You feel sick.
You miss the adder.
The adder is heavily wounded.
You die...

.## .......
..# .......
#.# #.......
#.# ......
##+###.# ..@.#
# .......####
#.#)##.#
....#.....#
#.#..).#
....###.#.#
#.#S#### ....#
#.#.####.#@###
....#
#.#..........#
)...#
#.######.#.#.#
....# #.#
#..#...# ....#
#.# #..#.###
....# #.#
...#.. #####
#.# .#..... ##
#.. #....#..#
## .# ##.#..#
..


You could see Sigmund and an adder.

Vanquished Creatures
  A giant gecko (D:1)
  A goblin (D:2)
  4 hobgoblins
  2 jackals (D:1)
  4 kobolds
  A ball python (D:1)
  4 bats (D:1)
  2 giant cockroaches (D:1)
  A giant newt (D:1)
  6 rats
26 creatures vanquished.

Notes
Turn   | Place    | Note
--------------------------------------------------------------
     0 | D:1      | LostMyPassword, the Djinni Warper, began the quest for the Orb.
     0 | D:1      | Reached XP level 1. HP: 14/14 MP: 0/0
   255 | D:1      | Reached XP level 2. EP: 19/21
   901 | D:2      | Noticed Sigmund
   922 | D:2      | HP: 1/21 [poisoned by an adder]
   923 | D:2      | Succumbed to an adder's poison

Action                   || total
-------------------------++-------
Melee: Falchion          ||    96
